 Dungeon Crawl Stone Soup version 0.28.0-45-g0d030f2227 (webtiles) character file.

Game seed: 520601667933900278

16860 MalarOregon the Basher (level 12, -1/100 HPs)
             Began as a Palentonga Warper on Apr 18, 2022.
             Was a Believer of Elyvilon.
             Slain by a sixfirhy (11 damage)
             ... in a Gauntlet.
             The game lasted 00:53:27 (23899 turns).

MalarOregon the Basher (Palentonga Warper)         Turns: 23899, Time: 00:53:27

Health: -1/100     AC: 23    Str: 16 (17) XL:     12   Next: 13%
Magic:  1/21       EV:  3    Int: 13 (16) God:    Elyvilon [**....]
Gold:   657        SH:  5    Dex:  7 (10) Spells: 13/23 levels left

rFire   . . .      SeeInvis +   q - +0 flail (holy)
rCold   . . .      Faith    .   (no shield)
rNeg    . . .      Spirit   .   j - +1 plate armour
rPois   .          Reflect  +   C - +2 hat
rElec   .          Harm     .   (no cloak)
rCorr   +          Rampage  .   a - +1 Delatra's gloves {ID++}
Will    .....      NoTele   +   (no barding)
Stlth   ..........              w - amulet of reflection
HPRegen 0.26/turn               r - ring of wizardry
MPRegen 0.17/turn               L - ring of resist corrosion

@: curled up
A: large, rugged brown scales 3, see invisible, deformed body, roll 1, armoured
tail, reflexive curl
a: Rolling Charge, Renounce Religion, Purification, Heal Other


You were in a Gauntlet.
You worshipped Elyvilon.
Elyvilon was pleased with you.
You visited 2 branches of the dungeon, and saw 14 of its levels.
You also visited: Gauntlet.

You collected 657 gold pieces.


Innate Abilities, Weirdness & Mutations

You are completely covered in rugged brown scales. (AC +3, +7% HP)
You have supernaturally acute eyesight. (SInv)
Armour fits poorly on your strangely shaped body.
You can roll at nearby foes to attack.
You have a long armoured tail.
You curl defensively after being hit. (AC +7*)


   Skills:
 + Level 8.4 Fighting
 + Level 9.1 Maces & Flails
 + Level 6.8 Throwing
 + Level 6.8 Armour
 - Level 1.5 Dodging
 - Level 6.0 Spellcasting
 - Level 6.0 Translocations
 + Level 5.5 Earth Magic
 - Level 4.0 Invocations


You had 13 spell levels left.
You knew the following spells:

 Your Spells              Type           Power      Damage    Failure   Level
a - Gell's Gravitas       Tloc           19%        N/A       56%         3
b - Blink                 Tloc           38%        N/A       34%         2
q - Passwall              Tmut/Erth      9%         N/A       77%         2
x - Stone Arrow           Conj/Erth      22%        3d8       93%         3

Your spell library contained the following spells:

 Spells                   Type           Power      Damage    Failure   Level
 Sandblast                Erth           36%        2d10      28%         1
 Lesser Beckoning         Tloc           19%        N/A       56%         3
 Teleport Other           Tloc           19%        N/A       56%         3
 Beastly Appendage        Tmut           6%         N/A       94%         1
 Corpse Rot               Necr/Air       6%         N/A       98%         2
 Wereblood                Tmut           3%         N/A       98%         2
 Manifold Assault         Tloc           19%        N/A       99%         5
 Ozocubu's Armour         Ice            3%         N/A       100%        3
 Spider Form              Tmut/Pois      3%         N/A       100%        3
 Dispel Undead            Necr           3%         3d7       100%        4
 Death Channel            Necr           1%         N/A       100%        6
 Ozocubu's Refrigeration  Ice            1%         4d5       100%        7

Inventory:

Hand Weapons
 l - a +0 morningstar
   (You took it off an orc on level 3 of the Dungeon)
 q - a +0 flail of holy wrath (weapon)
   (You took it off an orc on level 3 of the Dungeon)
 u - a +1 dagger of venom
   (You took it off a goblin on level 4 of the Dungeon)
Missiles
 f - 366 stones
 g - a poisoned dart (quivered)
 D - 3 throwing nets {!f}
 E - 2 silver boomerangs
 F - 3 boomerangs
 I - 2 silver javelins
 M - a curare-tipped dart {!f}
 N - 2 javelins
Armour
 a - the +1 Delatra's gloves (worn) {ID++}
   (You found it on level 3 of the Dungeon)

   It heals its wearer when they drink unknown potions.
   It restores its wearer's MP when they read unknown scrolls.
 j - a +1 plate armour (worn)
   (You found it on level 1 of the Dungeon)
 C - a +2 hat (worn)
   (You found it on level 4 of the Dungeon)
Jewellery
 r - a ring of wizardry (left hand)
   (You found it on level 3 of the Dungeon)
 w - an amulet of reflection (around neck)
   (You found it on level 5 of the Dungeon)
 y - an amulet of the acrobat
   (You took it off a goblin on level 4 of the Dungeon)
 L - a ring of resist corrosion (right hand)
   (You found it on level 11 of the Dungeon)
Wands
 d - a wand of iceblast (3)
   (You found it on level 10 of the Dungeon)
 t - a wand of flame (22)
   (You found it on level 6 of the Dungeon)
Scrolls
 b - 2 scrolls of amnesia
 c - a scroll of blinking
 e - 2 scrolls of identify {unknown}
 h - a scroll of enchant weapon {unknown}
 i - a scroll of magic mapping
 k - a scroll of fog
 o - 2 scrolls of immolation {!r}
 z - 2 scrolls of vulnerability {unknown}
 B - 3 scrolls of enchant armour
 G - a scroll of teleportation {@r4}
Potions
 m - 2 potions of brilliance
 H - 2 potions of attraction {!q}
 K - a potion of curing {@q1}
Miscellaneous
 n - a tin of tremorstones (inert)
   (You found it on level 9 of the Dungeon)

Dungeon Overview and Level Annotations

Branches:
Dungeon (13/15)            Temple (1/1) D:5            Lair (0/6) D:11
    Orc (0/2) D:9          Vaults (0/5) D:13        Gauntlet (1/1)

Altars:
Ashenzari
Cheibriados
Dithmenos
Elyvilon
Fedhas
Gozag
Hepliaklqana
Kikubaaqudgha
Makhleb
Nemelex Xobeh
Okawaru
Qazlal
Ru
Sif Muna
Trog
Uskayaw
Vehumet
Wu Jian
Xom
Yredelemnul
Zin
The Shining One

Shops:
D:11 [   D:12 *   D:13 (

Annotations:
D:11 Fannar
D:13 Urug Gauntlet 9 transporters

#######...###########...#########
......#...#...#.#...#...#........
....#.#...#..#...#..#...#...###..
#.##..#####.##..3##$#####....#...
#.##..#...##..#.##.:#...#.#..#..#
.©.#.©#©.©#....©.#.©#©.©#.######.
#.##..#...##..#.##.=#...#.#.©#..#
#.##.(#####.##...##(#####....#...
....#.#...#..#..@#..#...#...###..
......#.8.#...#.#3((#.8.#........
#######...###########...#########
.................................
.................................
#################################
# #8# #8# #8# #8# #8# #8# #8# #8#
# ### ### ### ### ### ### ### ###


You could see a sixfirhy (extremely poisoned).


Message History

The sixfirhy hits you but does no damage.
Unknown command.
You are healed.
The sixfirhy hits you. The sixfirhy shocks you!
* * * LOW HITPOINT WARNING * * *
The sixfirhy hits you but does no damage.
You block the sixfirhy's attack.
Unknown command.
You are healed.
Unknown command.
You hit the sixfirhy.
The sixfirhy looks as sick as possible!
Your punch misses the sixfirhy. You barely miss the sixfirhy.
The sixfirhy barely misses you. x3
You closely miss the sixfirhy.
Your tail-slap misses the sixfirhy.
The sixfirhy hits you but does no damage. x2
The sixfirhy hits you. The sixfirhy shocks you!
The sixfirhy hits you but does no damage.
You barely miss the sixfirhy. Your punch misses the sixfirhy.
The sixfirhy hits you but does no damage.
You hit the sixfirhy.
The sixfirhy looks as sick as possible!
You barely miss the sixfirhy. The sixfirhy hits you. The sixfirhy shocks you!
* * * LOW HITPOINT WARNING * * *
The sixfirhy hits you but does no damage.
You are healed.
The sixfirhy completely misses you. x2
The sixfirhy hits you but does no damage. x2
You barely miss the sixfirhy. The sixfirhy barely misses you.
The sixfirhy hits you. The sixfirhy shocks you!
You hit the sixfirhy.
The sixfirhy looks as sick as possible!
You hit the sixfirhy.
The sixfirhy looks as sick as possible!
The sixfirhy looks more healthy.
You closely miss the sixfirhy.
The sixfirhy hits you but does no damage. x4
You barely miss the sixfirhy.
The sixfirhy hits you but does no damage.
The sixfirhy hits you!
* * * LOW HITPOINT WARNING * * *
The sixfirhy shocks you!
* * * LOW HITPOINT WARNING * * *
The sixfirhy hits you but does no damage.
You block the sixfirhy's attack.
You closely miss the sixfirhy. You barely miss the sixfirhy.
You kill the sixfirhy!
You block the sixfirhy's attack. The sixfirhy barely misses you.
The sixfirhy hits you but does no damage.
You miss the sixfirhy. You hit the sixfirhy.
The sixfirhy is poisoned.
You closely miss the sixfirhy.
The sixfirhy hits you but does no damage.
The sixfirhy hits you.
* * * LOW HITPOINT WARNING * * *
The sixfirhy shocks you!
* * * LOW HITPOINT WARNING * * *
The sixfirhy hits you but does no damage.
You are healed.
The sixfirhy hits you!
* * * LOW HITPOINT WARNING * * *
The sixfirhy shocks you!
* * * LOW HITPOINT WARNING * * *
The sixfirhy hits you but does no damage. x2
You block the sixfirhy's attack.
You are healed.
The sixfirhy hits you. The sixfirhy shocks you!
* * * LOW HITPOINT WARNING * * *
You are healed.
You miss the sixfirhy. The sixfirhy hits you. The sixfirhy shocks you!
You closely miss the sixfirhy. Your punch misses the sixfirhy.
You block the sixfirhy's attack. x2
The sixfirhy hits you but does no damage.
You block the sixfirhy's attack.
You miss the sixfirhy. The sixfirhy hits you. The sixfirhy shocks you!
* * * LOW HITPOINT WARNING * * *
The sixfirhy hits you but does no damage. x2
You are healed.
You can no longer provide healing for yourself.
You hit the sixfirhy but do no damage.
The sixfirhy looks even sicker.
You barely miss the sixfirhy.
Your tail-slap misses the sixfirhy.
You block the sixfirhy's attack. x2
The sixfirhy hits you but does no damage. x2
You miss the sixfirhy.
The sixfirhy hits you but does no damage. x2
The sixfirhy hits you. The sixfirhy shocks you!
* * * LOW HITPOINT WARNING * * *
The sixfirhy hits you but does no damage.
You hit the sixfirhy.
The sixfirhy looks as sick as possible!
Your punch misses the sixfirhy.
Okay, then.
Your +1 dagger of venom stops dripping with poison.
Your +0 flail of holy wrath softly glows with a divine radiance!
q - a +0 flail of holy wrath (weapon)
You barely miss the sixfirhy. You barely miss the sixfirhy.
The sixfirhy hits you!
* * * LOW HITPOINT WARNING * * *
The sixfirhy shocks you!
* * * LOW HITPOINT WARNING * * *
The sixfirhy hits you.
* * * LOW HITPOINT WARNING * * *
The sixfirhy shocks you!
* * * LOW HITPOINT WARNING * * *
The sixfirhy hits you.
* * * LOW HITPOINT WARNING * * *
The sixfirhy shocks you!
You die...

Skill      XL: |  1  2  3  4  5  6  7  8  9 10 11 12 |
---------------+-------------------------------------+-----
Throwing       | 1 2 3 4 5 6 |  6.8
Maces & Flails | 3 4 5 6 7 8 9 |  9.1
Armour         | 1 2 3 4 5 6 |  6.8
Fighting       | 3 5 6 8 |  8.4
Spellcasting   | 3 4 5 6 |  6.0
Translocations | 4 5 6 |  6.0
Earth Magic    | 1 3 5 |  5.5
Invocations    | 2 4 |  4.0
Dodging        | |  1.5

Action                   |  1- 3 |  4- 6 |  7- 9 | 10-12 || total
-------------------------+-------+-------+-------+-------++-------
Melee: Mace              |   128 |    81 |       |       ||   209
       Tailslap          |    16 |    25 |    30 |    95 ||   166
       Punch             |     3 |     4 |     4 |    10 ||    21
       Morningstar       |       |    95 |   226 |   536 ||   857
       Dagger            |       |       |       |    36 ||    36
       Flail             |       |       |       |     2 ||     2
Throw: Stone             |     4 |    20 |     1 |    23 ||    48
       Dart              |     4 |    16 |    39 |    80 ||   139
       Boomerang         |       |     5 |       |     2 ||     7
       Javelin           |       |       |       |     3 ||     3
Invok: Heal Other        |       |       |       |     2 ||     2
       Heal Self         |       |       |       |    16 ||    16
 Abil: Rolling Charge    |     1 |     2 |     6 |    20 ||    29
Evoke: Tin of tremorston |       |       |       |     2 ||     2
       Wand              |       |       |       |    17 ||    17
  Use: Potion            |     1 |     1 |     2 |     9 ||    13
       Scroll            |       |       |       |     8 ||     8
Armor: Leather armour    |    43 |       |       |       ||    43
       Plate armour      |    54 |   171 |   188 |   615 ||  1028
       Skin              |       |       |       |     5 ||     5
Dodge: Dodged            |    40 |    14 |    20 |   123 ||   197
Block: Other             |       |    13 |    65 |   172 ||   250
       Reflection        |       |     1 |       |     8 ||     9

Levels and vault maps discovered:
D:1:      saegor_arrival_simple_b, layout_basic
D:2:      layout_basic, nicolae_ecumenical_oubliette, serial_undead,
          serial_undead_e, serial_undead_d, serial_undead_e, serial_undead_a,
          serial_undead_e, kennysheep_generic_room_14
D:3:      layout_loops_ring, nicolae_hepliaklqana_hazy_memory,
          minmay_misc_feat_hallway, chequers_mini_garden,
          pf_guarded_unrand_delatra
D:4:      layout_basic, uniq_ijyb
D:5:      layout_basic, minmay_temple_entry_arrows, st_stairs_11, uniq_grinder
D:6:      layout_rooms, kennysheep_generic_room_3
D:7:      layout_loops_corners
D:8:      layout_basic, kennysheep_dice, uniq_maggie
D:9:      layout_basic, orc_0_dummy
D:10:     layout_grid_maze
D:11:     layout_stronghold, lair_entry_dummy, serial_shops,
          nicolae_take_the_stairs, uniq_fannar
D:12:     layout_irregular_city, nicolae_shop_gadgets
D:13:     hellmonk_crumbling_castle, layout_cave_pods, david_vaults_3,
          serial_shops, shop, gauntlet_entry_generic
Temple:   mainiacjoe_temple_trianglar_array
Gauntlet: gammafunk_gauntlet_hard_choice [nicolae_gauntlet_arena_blocks,
          gammafunk_gauntlet_arena_hedges, gammafunk_gauntlet_arena_chambers,
          nicolae_gauntlet_swirl, nicolae_gauntlet_arena_t_cross,
          nicolae_gauntlet_arena_quarters, gauntlet_exit_hidden_loot]

Notes
Turn   | Place    | Note
-------+----------+-------------------------------------------
     0 | D:1      | MalarOregon the Palentonga Warper began the quest for the
                  | Orb.
     0 | D:1      | Reached XP level 1. HP: 17/17 MP: 3/3
    85 | D:1      | Reached skill level 1 in Throwing
   145 | D:1      | Reached XP level 2. HP: 23/23 MP: 5/5
   307 | D:1      | Learned a level 2 spell: Blink
   730 | D:1      | Reached XP level 3. HP: 22/28 MP: 6/6
   746 | D:1      | Reached skill level 3 in Maces & Flails
  1136 | D:2      | Found a faded altar of an unknown god.
  1399 | D:2      | Reached skill level 2 in Throwing
  1632 | D:2      | Reached XP level 4. HP: 11/35 MP: 7/7
  1633 | D:2      | HP: 8/35 [poisoned by an adder]
  3181 | D:3      | Reached XP level 5. HP: 26/40 MP: 8/8
  3373 | D:3      | Found the +1 Delatra's gloves {ID++}
  3546 | D:3      | Reached skill level 4 in Maces & Flails
  3665 | D:3      | Found a hazy altar of Hepliaklqana.
  3948 | D:3      | You pick up a book of Decay and begin reading...
  3948 | D:3      | You add the spells Corpse Rot, Dispel Undead and Death
                  | Channel to your library.
  4159 | D:3      | Reached skill level 1 in Armour
  4398 | D:4      | Noticed an ogre
  4405 | D:3      | Learned a level 3 spell: Gell's Gravitas
  4729 | D:4      | Noticed Ijyb
  4745 | D:4      | HP: 10/40 [Ijyb/puff of flame (4)]
  4747 | D:4      | Killed Ijyb
  5065 | D:4      | Noticed an ogre
  5079 | D:4      | Killed an ogre
  5080 | D:4      | Reached XP level 6. HP: 49/49 MP: 9/9
  5218 | D:4      | You fall into a shaft and drop 3 floors!
  5218 | D:7      | Noticed a yak
  5218 | D:7      | Noticed a yak
  5219 | D:7      | Noticed a yak
  5323 | D:5      | Entered Level 5 of the Dungeon
  5374 | D:5      | HP: 12/49 [ogre/+0 giant spiked club (12)]
  5455 | D:5      | HP: 6/49 [ogre/+0 giant spiked club (19)]
  5521 | D:6      | HP: 12/49 [bullfrog zombie (4)]
  5526 | D:6      | HP: 8/49 [bullfrog zombie (2)]
  6191 | D:4      | Reached skill level 3 in Throwing
  6287 | D:4      | Reached skill level 2 in Armour
  6287 | D:4      | Gained mutation: You curl defensively after being hit. (AC
                  | +7*) [Palentonga growth]
  6287 | D:4      | Reached XP level 7. HP: 42/54 MP: 11/11
  6399 | D:4      | Reached skill level 3 in Fighting
  6474 | D:4      | Reached skill level 3 in Spellcasting
  6766 | D:5      | Reached skill level 4 in Translocations
  6895 | D:5      | Noticed Grinder
  7135 | D:4      | Reached skill level 5 in Maces & Flails
  7328 | D:5      | Reached XP level 8. HP: 58/63 MP: 13/13
  7330 | D:5      | Killed Grinder
  7454 | D:5      | Reached skill level 4 in Fighting
  7454 | D:5      | Reached skill level 3 in Armour
  7470 | D:5      | Found a staircase to the Ecumenical Temple.
  7487 | D:5      | Reached skill level 4 in Spellcasting
  7500 | Temple   | Entered the Ecumenical Temple
  7926 | Temple   | Became a worshipper of Elyvilon the Healer
  8490 | D:6      | Reached skill level 4 in Throwing
  8823 | D:6      | Reached skill level 6 in Maces & Flails
  9032 | D:6      | Reached skill level 5 in Fighting
  9032 | D:6      | Reached XP level 9. HP: 62/72 MP: 14/16
  9093 | D:7      | Reached skill level 4 in Armour
  9296 | D:7      | Reached skill level 5 in Spellcasting
  9297 | D:7      | Reached * piety under Elyvilon
  9621 | D:7      | You add the spells Ozocubu's Armour and Ozocubu's
                  | Refrigeration to your library.
 10188 | D:8      | You pick up a book of Geomancy and begin reading...
 10188 | D:8      | You add the spells Sandblast, Passwall and Stone Arrow to
                  | your library.
 10192 | D:8      | Learned a level 2 spell: Passwall
 10196 | D:8      | Learned a level 3 spell: Stone Arrow
 10274 | D:8      | Noticed a centaur warrior
 10284 | D:8      | HP: 18/72 [centaur warrior (9)]
 10286 | D:8      | HP: 7/72 [centaur warrior (3)]
 10288 | D:8      | Killed a centaur warrior
 10289 | D:8      | Reached skill level 1 in Earth Magic
 10289 | D:8      | Reached skill level 1 in Invocations
 10516 | D:8      | Reached ** piety under Elyvilon
 10545 | D:8      | Reached skill level 2 in Invocations
 10548 | D:8      | Noticed a two-headed ogre
 10622 | D:8      | Killed a two-headed ogre
 10623 | D:8      | Reached skill level 5 in Throwing
 10623 | D:8      | Reached XP level 10. HP: 39/81 MP: 18/18
 11106 | D:8      | Reached skill level 6 in Fighting
 11106 | D:8      | Reached skill level 7 in Maces & Flails
 11467 | D:8      | Noticed Maggie
 11483 | D:8      | Reached skill level 2 in Earth Magic
 11578 | D:8      | Killed Maggie
 11579 | D:8      | Reached skill level 3 in Invocations
 12137 | D:8      | Reached skill level 5 in Armour
 12137 | D:8      | Reached skill level 5 in Translocations
 12142 | D:8      | HP: 20/81 [killer bee (1)]
 12147 | D:8      | HP: 13/81 [killer bee (4)]
 12148 | D:8      | HP: 6/81 [killer bee (3)]
 12175 | D:8      | HP: 20/81 [water moccasin (3)]
 12180 | D:8      | HP: 15/81 [water moccasin (1)]
 12794 | D:9      | You pick up a book of Changes and begin reading...
 12794 | D:9      | You add the spells Beastly Appendage, Wereblood and Spider
                  | Form to your library.
 12862 | D:9      | Reached *** piety under Elyvilon
 12894 | D:9      | Found a staircase to the Orcish Mines.
 13902 | D:10     | Entered Level 10 of the Dungeon
 13987 | D:10     | Noticed a guardian serpent
 13993 | D:10     | Noticed a fire crab
 13995 | D:10     | a fire crab changed into a yak
 14016 | D:10     | Reached skill level 6 in Spellcasting
 14454 | D:10     | Reached **** piety under Elyvilon
 14527 | D:10     | Reached skill level 4 in Invocations
 14981 | D:11     | Noticed Fannar
 15090 | D:11     | Reached skill level 3 in Earth Magic
 15395 | D:11     | Found Satiebli's Antique Armour Boutique.
 15429 | D:11     | Noticed a red ugly thing
 15656 | D:11     | Noticed an eight-headed hydra
 15760 | D:10     | Reached XP level 11. HP: 43/88 MP: 20/20
 15961 | D:10     | HP: 21/88 [slime creature (5)]
 16696 | D:10     | HP: 21/88 [red ugly thing (12)]
 16697 | D:10     | Killed a red ugly thing
 16698 | D:10     | Reached skill level 7 in Fighting
 17753 | D:11     | Reached skill level 6 in Translocations
 17757 | D:11     | Reached skill level 8 in Maces & Flails
 18248 | D:12     | Noticed a two-headed ogre
 18280 | D:11     | Killed a two-headed ogre
 18281 | D:11     | Reached skill level 6 in Throwing
 18281 | D:11     | Reached skill level 4 in Earth Magic
 18373 | D:12     | Noticed a boulder beetle
 18385 | D:12     | Killed a boulder beetle
 18386 | D:12     | Reached skill level 6 in Armour
 18544 | D:12     | Found Dukhisoi's Gadget Gallery.
 18563 | D:11     | HP: 16/89 [vampire mosquito (7)]
 18567 | D:11     | HP: 4/89 [vampire mosquito (6)]
 19281 | D:12     | Reached ***** piety under Elyvilon
 19937 | D:11     | HP: 22/89 [eight-headed hydra (8)]
 19945 | D:11     | Pacified an eight-headed hydra
 20300 | D:11     | Found a staircase to the Lair.
 20435 | D:12     | Noticed a cyan ugly thing
 20501 | D:12     | HP: 19/90 [cyan ugly thing (17)]
 20517 | D:12     | Killed a cyan ugly thing
 20923 | D:10     | HP: 17/92 [slime creature (13)]
 20965 | D:10     | HP: 13/92 [slime creature (14)]
 22437 | D:12     | Noticed a boulder beetle
 22447 | D:12     | Killed a boulder beetle
 22448 | D:12     | Reached skill level 8 in Fighting
 22448 | D:12     | Reached skill level 5 in Earth Magic
 22936 | D:12     | Found Dukhisoi's Gadget Gallery.
 23187 | D:13     | Noticed a centaur warrior
 23187 | D:13     | Noticed a two-headed ogre
 23187 | D:13     | Noticed an ogre mage
 23187 | D:13     | Noticed Urug
 23187 | D:13     | Found a gate to the Vaults.
 23261 | D:13     | Found a gate leading to a gauntlet.
 23271 | D:13     | Noticed a boulder beetle
 23278 | D:13     | Killed a boulder beetle
 23294 | D:13     | Reached XP level 12. HP: 96/99 MP: 21/21
 23315 | D:13     | Found Efewovis's Antique Weapon Shoppe.
 23364 | Gauntlet | Entered a Gauntlet
 23364 | Gauntlet | Found a transporter.
 23364 | Gauntlet | Found a transporter.
 23365 | Gauntlet | Found a transporter.
 23365 | Gauntlet | Found a transporter.
 23368 | Gauntlet | Found a transporter.
 23368 | Gauntlet | Found a transporter.
 23380 | Gauntlet | Found a transporter.
 23382 | Gauntlet | Found a transporter.
 23391 | Gauntlet | Noticed a quicksilver ooze
 23392 | Gauntlet | Found a transporter.
 23401 | Gauntlet | Noticed a storm dragon
 23402 | Gauntlet | Noticed a fenstrider witch
 23402 | Gauntlet | a storm dragon changed into a fenstrider witch
 23409 | Gauntlet | Noticed a frost giant
 23409 | Gauntlet | a fenstrider witch changed into a frost giant
 23411 | Gauntlet | Noticed a shadow dragon
 23411 | Gauntlet | a frost giant changed into a shadow dragon
 23415 | Gauntlet | Noticed a frost giant
 23415 | Gauntlet | a shadow dragon changed into a frost giant
 23418 | Gauntlet | Noticed a storm dragon
 23418 | Gauntlet | a frost giant changed into a storm dragon
 23421 | Gauntlet | Noticed a quicksilver ooze
 23421 | Gauntlet | a storm dragon changed into a quicksilver ooze
 23496 | Gauntlet | Found a transporter.
 23497 | Gauntlet | Found a transporter.
 23506 | Gauntlet | Found a transporter.
 23525 | Gauntlet | Noticed a two-headed ogre
 23527 | Gauntlet | Noticed a dire elephant
 23540 | Gauntlet | Noticed an eleionoma
 23540 | Gauntlet | a dire elephant changed into an eleionoma
 23541 | Gauntlet | Noticed a fire giant
 23541 | Gauntlet | an eleionoma changed into a fire giant
 23550 | Gauntlet | Noticed a stone giant
 23550 | Gauntlet | a fire giant changed into a stone giant
 23554 | Gauntlet | Noticed a dire elephant
 23554 | Gauntlet | a stone giant changed into a dire elephant
 23615 | Gauntlet | Reached skill level 9 in Maces & Flails
 23812 | Gauntlet | HP: 24/99 [sixfirhy (1)]
 23819 | Gauntlet | HP: 21/100 [sixfirhy (5)]
 23828 | Gauntlet | Identified the ring "Gutuh" {Fire Fly rN+ Int+3}
 23832 | Gauntlet | HP: 25/100 [sixfirhy (3)]
 23838 | Gauntlet | HP: 23/100 [sixfirhy (3)]
 23843 | Gauntlet | HP: 21/100 [sixfirhy (3)]
 23861 | Gauntlet | HP: 17/100 [sixfirhy (10)]
 23899 | Gauntlet | HP: 25/100 [sixfirhy (4)]
 23899 | Gauntlet | HP: 10/100 [sixfirhy (4)]
 23899 | Gauntlet | Slain by a sixfirhy

Vanquished Creatures
  2 boulder beetles (D:12)
  A centaur warrior (D:8)
  2 two-headed ogres
  2 sixfirhies (Gauntlet)
  An oklob plant (Gauntlet)
  2 ugly things
  A gargoyle (D:12)
  Maggie (D:8)
  3 unseen horrors
  A troll (D:12)
  Grinder (D:5)
  6 slime creatures
  2 hornets (D:8)
  A wraith (D:13)
  A yak (shapeshifter) (D:10)
  A shadow (D:12)
  3 yaks
  A steam dragon (D:9)
  A basilisk (D:8)
  A wyvern (D:8)
  4 vampire mosquitoes (D:11)
  2 acid dragons
  3 water moccasins
  A black bear (D:6)
  An orc warrior (D:11)
  A sky beast (D:6)
  An ice beast (D:7)
  A necrophage (D:4)
  5 ogres
  10 centaurs
  3 phantoms
  2 kobold brigands
  2 scorpions
  4 bullfrogs
  A wyvern skeleton (D:7)
  9 killer bees
  A gnoll shaman (D:9)
  3 hounds
  A jelly (D:8)
  3 bullfrog zombies
  3 orc priests
  A bullfrog skeleton (D:6)
  2 iguanas (D:5)
  7 centaur zombies
  Ijyb (D:4)
  9 orc wizards
  A howler monkey zombie (D:10)
  11 gnolls
  5 adders
  A howler monkey skeleton (D:7)
  A shadow imp (D:8)
  A white imp (D:7)
  2 ufetubi (D:3)
  An adder zombie (D:2)
  3 worms
  2 dart slugs (D:1)
  31 orcs
  10 ball pythons
  6 bats
  8 endoplasms
  3 giant cockroaches
  9 goblins
  5 hobgoblins
  4 jackals
  18 kobolds
  2 quokkas
  A ball python skeleton (D:2)
  A ball python zombie (D:2)
  A frilled lizard (D:3)
  6 rats
248 creatures vanquished.

Vanquished Creatures (collateral kills)
  A boulder beetle (D:13)
1 creature vanquished.

Vanquished Creatures (others)
  A kobold (D:11)
  25 withered plants (Gauntlet)
26 creatures vanquished.

Grand Total: 275 creatures vanquished

Table legend:
 A = Non-vault XP
 B = Vault XP
 C = Vault XP percentage of total XP
 D = Non-vault monster count
 E = Vault monster count
 F = Vault count percentage of total count
                 A         B        C        D         E       F
            +---------+---------+-------+---------+---------+-------
      Total |   19876 |    3360 |  14.5 |     227 |      22 |   8.8
            +---------+---------+-------+---------+---------+-------
        D:1 |      67 |       0 |   0.0 |      33 |       0 |   0.0
        D:2 |      72 |      10 |  12.2 |      20 |       4 |  16.7
        D:3 |     131 |      50 |  27.6 |      19 |       6 |  24.0
        D:4 |     538 |      51 |   8.7 |      12 |       2 |  14.3
        D:5 |     642 |     326 |  33.7 |      10 |       2 |  16.7
        D:6 |    1112 |       0 |   0.0 |      15 |       0 |   0.0
        D:7 |     813 |       0 |   0.0 |      13 |       0 |   0.0
        D:8 |    3247 |     728 |  18.3 |      21 |       4 |  16.0
        D:9 |    1153 |       0 |   0.0 |      27 |       0 |   0.0
       D:10 |    2175 |       0 |   0.0 |      17 |       0 |   0.0
       D:11 |    4511 |       0 |   0.0 |      26 |       0 |   0.0
       D:12 |    4301 |       0 |   0.0 |      10 |       0 |   0.0
       D:13 |    1114 |       0 |   0.0 |       4 |       0 |   0.0
   Gauntlet |       0 |    2195 | 100.0 |       0 |       4 | 100.0
            +---------+---------+-------+---------+---------+-------

Illustrated notes

Table legend:
 A = Kills in this place as a percentage of kills in entire the game.
 B = Kills by you in this place as a percentage of kills by you in the entire game.
 C = Kills by friends in this place as a percentage of kills by friends in the entire game.
 D = Other kills in this place as a percentage of other kills in the entire game.
 E = Experience gained in this place as a percentage of experience gained in the entire game.
 F = Experience gained in this place divided by the number of levels of this place that you have seen.
                   A       B       C       D       E      F
               +-------+-------+-------+-------+-------+----------------------
         Total | 100.0 | 100.0 | 100.0 |   N/A | 100.0 | 1549.1
       Dungeon |  98.4 |  98.4 | 100.0 |   N/A |  90.6 | 1618.5
      Gauntlet |   1.6 |   1.6 |   0.0 |   N/A |   9.4 | 2195.0
               +-------+-------+-------+-------+-------+----------------------

Table legend: (Time is in decaauts)
 A = Elapsed time spent in this place.
 B = Non-inter-level travel time spent in this place.
 C = Inter-level travel time spent in this place.
 D = Time resting spent in this place.
 E = Time spent auto-exploring this place.
 F = Levels seen in this place.
 G = Mean time per level.
                   A        B        C        D        E       F      G
               +--------+--------+--------+--------+--------+-----+--------+
         Total |  24075 |  23044 |   1031 |   8199 |  10661 |  15 | 1605.0 |
       Dungeon |  23093 |  22106 |    987 |   8038 |  10122 |  13 | 1776.4 |
        Temple |    449 |    405 |     44 |      0 |    401 |   1 |  449.0 |
      Gauntlet |    532 |    532 |      0 |    161 |    138 |   1 |  532.0 |
               +--------+--------+--------+--------+--------+-----+--------+

Top non-repeatable levels by time:
    D:11: 3196 daAuts
    D:10: 3101 daAuts
    D:12: 2670 daAuts
     D:8: 2474 daAuts
     D:3: 1899 daAuts
     D:2: 1744 daAuts
     D:9: 1675 daAuts
     D:4: 1429 daAuts
     D:1: 1408 daAuts
     D:7: 1193 daAuts
     D:5: 1093 daAuts
     D:6: 1085 daAuts
Gauntlet: 532 daAuts
  Temple: 449 daAuts
    D:13: 120 daAuts
